[Event "ICC tourney 2248 (120 10)"]
[Site "Internet Chess Club"]
[Date "2020.12.26"]
[Round "1"]
[White "charles102"]
[Black "yogokings12"]
[Result "1-0"]
[ICCResult "Black resigns"]
[WhiteElo "1800"]
[BlackElo "1575"]
[Opening "Grünfeld: exchange variation"]
[ECO "D85"]
[NIC "GI.03"]
[Time "12:04:45"]
[PlyCount "67"]
[TimeControl "7200+10"]

1. d4 Nf6 2. c4 g6 3. Nc3 d5 4. cxd5 Nxd5 5. Bd2 Nb6 6. Nf3 Bg7 7. Bf4 O-O
8. h3 Nc6 9. e3 Be6 10. Rc1 Nb4 11. e4 a5 12. a3 Na6 13. Be2 c6 14. O-O Bc4
15. Bxc4 Nxc4 16. Qb3 b5 17. a4 Nb4 18. axb5 Nxb2 19. Qxb2 Nd3 20. Qd2 Nxc1
21. Rxc1 cxb5 22. Nxb5 Qb6 23. Rc5 Rac8 24. Qc2 Rxc5 25. Qxc5 Qxc5 26. dxc5
Rc8 27. Be3 Bb2 28. Nd2 a4 29. Nc4 Ba1 30. Nb6 Rb8 31. f4 Bb2 32. c6 a3 33.
Nxa3 Bxa3 34. c7 { Black resigns } 1-0

[Event "ICC tourney 2248 (120 10)"]
[Site "Internet Chess Club"]
[Date "2020.12.26"]
[Round "1"]
[White "Cambod1"]
[Black "Deveshc"]
[Result "1-0"]
[ICCResult "Black checkmated"]
[WhiteElo "1739"]
[BlackElo "1491"]
[Opening "QGA: 4...e6"]
[ECO "D26"]
[NIC "QG.08"]
[Time "12:04:39"]
[PlyCount "61"]
[TimeControl "7200+10"]

1. d4 d5 2. c4 dxc4 3. Nf3 Nf6 4. e3 e6 5. Bxc4 a6 6. O-O b5 7. Bb3 Bb7 8.
Qe2 Nbd7 9. Rd1 c5 10. a4 b4 11. a5 Be7 12. Nbd2 Qc7 13. e4 O-O 14. e5 Nd5
15. Nc4 Bc6 16. h4 Bb5 17. Bg5 Bxg5 18. hxg5 Rac8 19. Rac1 Qxa5 20. Qe4
Bxc4 21. Bxc4 Nc7 22. Bd3 g6 23. Qh4 cxd4 24. Re1 Rfd8 25. Qh6 Nf8 26. Nh2
Nb5 27. Ng4 Rxc1 28. Nf6+ Kh8 29. Rxc1 Nc7 30. Re1 Ne8 31. Qxf8# { Black
checkmated } 1-0

[Event "ICC tourney 2248 (120 10)"]
[Site "Internet Chess Club"]
[Date "2020.12.26"]
[Round "1"]
[White "Threehundreds"]
[Black "Torsten936"]
[Result "0-1"]
[ICCResult "White resigns"]
[WhiteElo "1437"]
[BlackElo "1704"]
[Opening "French: Rubinstein variation"]
[ECO "C03"]
[NIC "FR.07"]
[Time "12:04:23"]
[PlyCount "68"]
[TimeControl "7200+10"]

1. e4 e6 2. d4 d5 3. Nd2 dxe4 4. Nxe4 Nd7 5. Bd3 Ngf6 6. Nxf6+ Nxf6 7. Nf3
Be7 8. O-O O-O 9. c3 b6 10. Ne5 Bb7 11. Re1 c5 12. dxc5 Bxc5 13. Be3 Qd5
14. Nf3 Rfd8 15. Bc2 Qh5 16. Qe2 Bxe3 17. Qxe3 Ng4 18. Qg5 Qxg5 19. Nxg5 h6
20. Nh3 Rd2 21. Rac1 Rad8 22. Red1 Bxg2 23. Rxd2 Rxd2 24. Kxg2 Ne3+ 25. Kf3
Nxc2 26. Nf4 b5 27. a3 a5 28. h4 b4 29. cxb4 axb4 30. axb4 Nxb4 31. Rc8+
Kh7 32. Rc7 e5 33. Ng2 f5 34. Rc5 Nd3 { White resigns } 0-1

[Event "ICC tourney 2248 (120 10)"]
[Site "Internet Chess Club"]
[Date "2020.12.26"]
[Round "1"]
[White "MikeWMason"]
[Black "castle2king"]
[Result "1/2-1/2"]
[ICCResult "Game drawn by repetition"]
[WhiteElo "1761"]
[BlackElo "1562"]
[Opening "Giuoco Piano"]
[ECO "C50"]
[NIC "IG.02"]
[Time "12:04:23"]
[PlyCount "84"]
[TimeControl "7200+10"]

1. e4 e5 2. Nf3 Nc6 3. Bc4 Bc5 4. d4 Bxd4 5. Nxd4 Nxd4 6. Be3 Nc6 7. Qg4
Qf6 8. Qg3 Qg6 9. Nc3 Nf6 10. O-O-O Qxg3 11. hxg3 h6 12. Bg5 Nh7 13. Bxh6
gxh6 14. Rxh6 Kf8 15. Nd5 Kg7 16. Rdh1 b5 17. Bb3 Bb7 18. Nxc7 Rac8 19.
Nxb5 Nf6 20. Rxh8 Rxh8 21. Rxh8 Kxh8 22. Nd6 Na5 23. f3 Kg7 24. Bxf7 Ba6
25. c4 Nb7 26. Nxb7 Bxb7 27. Bd5 Ba6 28. b3 Nh5 29. b4 Nxg3 30. b5 Bc8 31.
a4 Ne2+ 32. Kb2 Nf4 33. Ba8 Ne6 34. Kc3 Nc5 35. Kb4 d6 36. a5 Kf6 37. a6
Nd7 38. Bc6 Nc5 39. Ka5 Nb3+ 40. Kb4 Nc5 41. Ka5 Nb3+ 42. Kb4 Nc5 { Game
drawn by repetition } 1/2-1/2

[Event "ICC tourney 2248 (120 10)"]
[Site "Internet Chess Club"]
[Date "2020.12.26"]
[Round "1"]
[White "welmo"]
[Black "uzkuzk"]
[Result "0-1"]
[ICCResult "White checkmated"]
[WhiteElo "1604"]
[BlackElo "1809"]
[Opening "Giuoco Pianissimo"]
[ECO "C50"]
[NIC "IG.02"]
[Time "12:04:31"]
[PlyCount "86"]
[TimeControl "7200+10"]

1. e4 e5 2. Nf3 Nc6 3. Bc4 Bc5 4. d3 d6 5. h3 Nf6 6. a3 O-O 7. O-O Be6 8.
Ba2 d5 9. exd5 Nxd5 10. Bxd5 Bxd5 11. Nc3 Be6 12. Be3 Be7 13. Re1 f5 14.
Nh2 Qd7 15. f3 Nd4 16. Qd2 Rad8 17. Rad1 Bf6 18. Kh1 h6 19. Kg1 a6 20. Kh1
b5 21. Kg1 g5 22. g4 Kh7 23. Rf1 Rg8 24. Qg2 Rg7 25. Rc1 Rdg8 26. Rcd1 c5
27. Rc1 Be7 28. Rcd1 h5 29. Rc1 b4 30. axb4 cxb4 31. Ne2 Nxe2+ 32. Qxe2
hxg4 33. hxg4 f4 34. Bf2 Bf6 35. Qe4+ Rg6 36. Kg2 Kg7 37. Rh1 Rh8 38. Nf1
Bd5 39. Qxb4 Qxg4+ 40. Ng3 Qxf3+ 41. Kf1 fxg3 42. Ke1 Qxf2+ 43. Kd1 Bf3# {
White checkmated } 0-1

[Event "ICC tourney 2248 (120 10)"]
[Site "Internet Chess Club"]
[Date "2020.12.26"]
[Round "1"]
[White "Vinny773175"]
[Black "messyblaster"]
[Result "1-0"]
[ICCResult "Black resigns"]
[WhiteElo "1782"]
[BlackElo "1563"]
[Opening "Scandinavian: Pytel-Wade variation"]
[ECO "B01"]
[NIC "SD.02"]
[Time "12:04:21"]
[PlyCount "95"]
[TimeControl "7200+10"]

1. e4 d5 2. exd5 Qxd5 3. Nc3 Qd6 4. d4 Nf6 5. Nf3 c6 6. h3 Bf5 7. Bc4 e6 8.
Be3 Nbd7 9. Nh4 Bg6 10. Nxg6 hxg6 11. Qf3 Qc7 12. a3 Bd6 13. Bd3 Rc8 14.
Rc1 O-O 15. O-O Rfe8 16. Ne4 Nxe4 17. Bxe4 f5 18. Bd3 e5 19. Bc4+ Kf8 20.
Qg3 exd4 21. Qxg6 Nf6 22. Bxd4 Re4 23. Rcd1 c5 24. Bxf6 Rxc4 25. Bxg7+ Qxg7
26. Qxd6+ Qe7 27. Qd5 Qf7 28. c3 Qxd5 29. Rxd5 f4 30. Re1 Rc7 31. f3 Ra4
32. Ree5 b6 33. Rh5 Rf7 34. h4 Ra5 35. Rhf5 Rb5 36. b4 Rxf5 37. Rxf5+ Kg7
38. Rxf4 a5 39. g4 cxb4 40. cxb4 axb4 41. Rxb4 Rxb4 42. axb4 b5 43. f4 Kg6
44. Kf2 Kf6 45. Ke3 Ke7 46. Kd4 Kd6 47. h5 Ke6 48. Kc5 { Black resigns }
1-0

[Event "ICC tourney 2248 (120 10)"]
[Site "Internet Chess Club"]
[Date "2020.12.26"]
[Round "1"]
[White "garynanoman"]
[Black "fireheart"]
[Result "1-0"]
[ICCResult "Black checkmated"]
[WhiteElo "1850"]
[BlackElo "1620"]
[Opening "Ruy Lopez: modern Steinitz defense"]
[ECO "C71"]
[NIC "RL.10"]
[Time "12:04:34"]
[PlyCount "141"]
[TimeControl "7200+10"]

1. e4 e5 2. Nf3 Nc6 3. Bb5 a6 4. Ba4 d6 5. d4 b5 6. Bb3 Nxd4 7. Nxd4 exd4
8. Bd5 Rb8 9. Bc6+ Bd7 10. Bxd7+ Qxd7 11. Qxd4 Nf6 12. Nc3 Be7 13. Bg5 h6
14. Bh4 Qg4 15. Bg3 O-O 16. O-O Rfe8 17. Rad1 Nh5 18. Nd5 Nxg3 19. hxg3
Rbc8 20. Rfe1 Bf8 21. Qe3 Qe6 22. Qb3 g6 23. Nb4 Qxb3 24. axb3 Bg7 25. c3
c5 26. Nd5 Rc6 27. f3 Kf8 28. b4 Ra8 29. Ra1 cxb4 30. Nxb4 Rb6 31. Ra5 Ke8
32. Rea1 Kd7 33. Kf2 Ke6 34. Rxa6 Rbxa6 35. Rxa6 Rxa6 36. Nxa6 Kd7 37. Ke3
Kc6 38. Kd2 Kb6 39. Nb4 Kc5 40. Nd3+ Kb6 41. Nb4 Kc5 42. Kd3 Be5 43. g4 Bf6
44. Nd5 Bd8 45. b4+ Kc6 46. c4 bxc4+ 47. Kxc4 h5 48. gxh5 gxh5 49. Nf4 h4
50. b5+ Kb6 51. Nd5+ Kb7 52. Kd3 Bg5 53. f4 Bd8 54. Ke3 Bb6+ 55. Kf3 Bd8
56. f5 Kc8 57. Kg4 Kd7 58. Kh5 Kc8 59. f6 Kd7 60. Kxh4 Ba5 61. Kg5 Bd2+ 62.
Kf5 Be1 63. g4 Bd2 64. g5 Bc1 65. g6 fxg6+ 66. Kxg6 Bb2 67. f7 Bg7 68. Kxg7
Ke6 69. f8=Q Kd7 70. Qa8 Ke6 71. Qe8# { Black checkmated } 1-0

[Event "ICC tourney 2248 (120 10)"]
[Site "Internet Chess Club"]
[Date "2020.12.26"]
[Round "1"]
[White "gmnichek"]
[Black "wulovechess"]
[Result "1-0"]
[ICCResult "Black checkmated"]
[WhiteElo "1824"]
[BlackElo "1612"]
[Opening "QGD: 4.Nf3"]
[ECO "D37"]
[NIC "QO.16"]
[Time "12:05:11"]
[PlyCount "71"]
[TimeControl "7200+10"]

1. d4 d5 2. c4 e6 3. Nc3 Nf6 4. Nf3 Nbd7 5. Bg5 Be7 6. e3 b6 7. cxd5 exd5
8. Qc2 O-O 9. Bd3 c5 10. b3 a6 11. a4 Qc7 12. Bxh7+ Nxh7 13. Bxe7 Re8 14.
Bh4 cxd4 15. Nxd4 Bb7 16. O-O Rac8 17. Rfc1 Ndf6 18. Qd1 Qd7 19. h3 Ne4 20.
Nxe4 Rxe4 21. Bg3 Ng5 22. Rxc8+ Bxc8 23. Rc1 g6 24. Rc7 Qe8 25. Qc1 Bd7 26.
Rb7 Ne6 27. Nxe6 Qxe6 28. Qc7 g5 29. Qxd7 Qf6 30. Rb8+ Kg7 31. Qxd5 Qa1+
32. Kh2 Qb1 33. Qxg5+ Kh7 34. Be5 Rxe5 35. Qxe5 Qg6 36. Qh8# { Black
checkmated } 1-0

[Event "ICC tourney 2248 (120 10)"]
[Site "Internet Chess Club"]
[Date "2020.12.26"]
[Round "1"]
[White "ZAPPAWITS"]
[Black "haofangzhu"]
[Result "0-1"]
[ICCResult "White resigns"]
[WhiteElo "1713"]
[BlackElo "1454"]
[Opening "Queen's bishop game"]
[ECO "D02"]
[NIC "QP.09"]
[Time "12:04:22"]
[PlyCount "50"]
[TimeControl "7200+10"]

1. Nf3 d5 2. d4 Nf6 3. Bf4 e6 4. e3 Bd6 5. Bg3 c6 6. Nbd2 Qc7 7. c4 Nbd7 8.
c5 Bxg3 9. hxg3 e5 10. dxe5 Ng4 11. Qc2 g6 12. Be2 Ndxe5 13. e4 O-O 14.
Nxe5 Qxe5 15. Bxg4 Bxg4 16. f4 Qd4 17. Nf3 Qe3+ 18. Kf1 Bxf3 19. Re1 Bxe4
20. Qxe4 Qxe4 21. Rxe4 dxe4 22. Ke2 Rad8 23. Ke3 f5 24. g4 Rd3+ 25. Ke2
fxg4 { White resigns } 0-1

[Event "ICC tourney 2248 (120 10)"]
[Site "Internet Chess Club"]
[Date "2020.12.26"]
[Round "1"]
[White "sanjeevraman"]
[Black "rohitk14"]
[Result "1-0"]
[ICCResult "Black checkmated"]
[WhiteElo "1651"]
[BlackElo "1057"]
[Opening "Sicilian: Najdorf, Opocensky variation"]
[ECO "B92"]
[NIC "SI.11"]
[Time "12:04:50"]
[PlyCount "135"]
[TimeControl "7200+10"]

1. e4 c5 2. Nf3 d6 3. d4 cxd4 4. Nxd4 Nf6 5. Nc3 a6 6. Be2 e5 7. Nb3 Be7 8.
Bg5 Nc6 9. O-O O-O 10. Bxf6 Bxf6 11. Nd5 Be7 12. Qd3 Be6 13. Rad1 Bxd5 14.
exd5 Nb8 15. f4 exf4 16. Rxf4 Nd7 17. Nd4 Ne5 18. Qg3 Bg5 19. Re4 g6 20.
Nf3 Bf6 21. Nxe5 Bxe5 22. Qb3 b5 23. c4 f5 24. Rxe5 dxe5 25. c5 Rc8 26. d6+
Kg7 27. Qc3 Rf6 28. Qxe5 Kf7 29. Bf3 g5 30. d7 Rc7 31. Qxc7 Qxc7 32. d8=Q
Qxc5+ 33. Kh1 Qf8 34. Qxf8+ Kxf8 35. h3 f4 36. Kg1 Ke7 37. Kf2 Rb6 38. Ke2
Ke6 39. Kd3 Ke5 40. Kc3 a5 41. Rd5+ Kf6 42. Be2 Rc6+ 43. Kd2 h6 44. Rxb5
Ra6 45. Kc3 Rc6+ 46. Kb3 Re6 47. Bf3 Kg6 48. Rxa5 h5 49. Rc5 Rb6+ 50. Kc3
Ra6 51. Rc6+ Rxc6+ 52. Bxc6 Kf5 53. a4 g4 54. hxg4+ hxg4 55. a5 Kg5 56. a6
Kh4 57. a7 Kg3 58. a8=Q Kf2 59. Qa7+ Kg3 60. Qd4 Kh2 61. Qxf4+ g3 62. Qh4+
Kg1 63. Qxg3 Kf1 64. Bb5+ Kg1 65. Qe1+ Kxg2 66. Bc6+ Kh2 67. Qf2+ Kh3 68.
Bd7# { Black checkmated } 1-0

[Event "ICC tourney 2248 (120 10)"]
[Site "Internet Chess Club"]
[Date "2020.12.26"]
[Round "1"]
[White "doudou2011"]
[Black "tricksterssbu"]
[Result "1-0"]
[ICCResult "Black resigns"]
[WhiteElo "1412"]
[BlackElo "1692"]
[Opening "Queen's pawn game, Darooha variation "]
[ECO "D02"]
[NIC "QP.08"]
[Time "12:04:52"]
[PlyCount "77"]
[TimeControl "7200+10"]

1. d4 d5 2. Nf3 Nf6 3. g3 Bf5 4. Bg2 e6 5. O-O Nbd7 6. c4 c6 7. cxd5 exd5
8. Nc3 Bd6 9. b3 O-O 10. Nh4 Be4 11. f3 Bg6 12. Nxg6 hxg6 13. e4 Bb4 14.
Ne2 dxe4 15. fxe4 Qb6 16. Kh1 Rad8 17. Bg5 Rfe8 18. e5 Nxe5 19. Bxf6 gxf6
20. Rxf6 Ng4 21. Rf4 Ne3 22. Qd3 Nxg2 23. Kxg2 c5 24. d5 Qd6 25. Rd1 Qe5
26. Ng1 Bc3 27. Qf3 Re7 28. d6 Rxd6 29. Rxd6 Qxd6 30. Qxc3 Rd7 31. Rf2 b5
32. Qf6 Qxf6 33. Rxf6 c4 34. bxc4 bxc4 35. Rf3 Rd2+ 36. Rf2 c3 37. Ne2 c2
38. Nc1 Rd1 39. Rxc2 { Black resigns } 1-0

[Event "ICC tourney 2248 (120 10)"]
[Site "Internet Chess Club"]
[Date "2020.12.26"]
[Round "1"]
[White "rachael1120"]
[Black "WallyCleaver"]
[Result "1-0"]
[ICCResult "Black resigns"]
[WhiteElo "1678"]
[BlackElo "1318"]
[Opening "Alekhine's defense: exchange variation"]
[ECO "B03"]
[NIC "AL.08"]
[Time "12:04:45"]
[PlyCount "83"]
[TimeControl "7200+10"]

1. e4 Nf6 2. e5 Nd5 3. d4 d6 4. c4 Nb6 5. exd6 cxd6 6. Nc3 g6 7. Nf3 Bg7 8.
h3 O-O 9. Be2 Nc6 10. O-O h6 11. Be3 e5 12. Qd2 exd4 13. Nxd4 Nxd4 14. Bxd4
Bxd4 15. Qxd4 Be6 16. Rfd1 Rc8 17. b3 Qg5 18. Ne4 Qe5 19. Bf3 Qxd4 20. Rxd4
Nd7 21. Nxd6 Rc5 22. Nxb7 Rg5 23. h4 Re5 24. Re4 f6 25. Rxe5 Nxe5 26. Rd1
Nxf3+ 27. gxf3 g5 28. hxg5 fxg5 29. Rd8 Kg7 30. Rxf8 Kxf8 31. Kg2 g4 32.
fxg4 Bxg4 33. Kg3 Bf5 34. Nd6 Bb1 35. a3 Ke7 36. c5 Kd7 37. Kh4 Kc6 38. b4
a5 39. f4 axb4 40. axb4 Kd5 41. Kh5 Bd3 42. Kxh6 { Black resigns } 1-0

[Event "ICC tourney 2248 (120 10)"]
[Site "Internet Chess Club"]
[Date "2020.12.26"]
[Round "1"]
[White "orwind"]
[Black "atevifred"]
[Result "1/2-1/2"]
[ICCResult "Game drawn by mutual agreement"]
[WhiteElo "1620"]
[BlackElo "1846"]
[Opening "Caro-Kann: advance variation"]
[ECO "B12"]
[NIC "CK.02"]
[Time "12:04:20"]
[PlyCount "53"]
[TimeControl "7200+10"]

1. e4 c6 2. d4 d5 3. e5 c5 4. c3 e6 5. Nf3 Nc6 6. Be2 Nge7 7. Na3 cxd4 8.
cxd4 Nf5 9. Nc2 Bd7 10. O-O Rc8 11. Ne3 Be7 12. Nxf5 exf5 13. Bd2 Be6 14.
Rc1 Qb6 15. Bc3 O-O 16. Qd2 h6 17. Rfd1 Nb4 18. a3 a5 19. Qe1 Nc6 20. Bd3
g5 21. Bc2 g4 22. Nd2 Nxd4 23. Qe3 Bc5 24. Qxh6 Nxc2 25. Qg5+ Kh7 26. Qh5+
Kg7 27. Qg5+ { Game drawn by mutual agreement } 1/2-1/2

[Event "ICC tourney 2248 (120 10)"]
[Site "Internet Chess Club"]
[Date "2020.12.26"]
[Round "1"]
[White "FlowingMelody"]
[Black "Gallifreyan"]
[Result "1/2-1/2"]
[ICCResult "Game drawn by mutual agreement"]
[WhiteElo "1307"]
[BlackElo "1689"]
[Opening "French: Rubinstein variation"]
[ECO "C03"]
[NIC "FR.07"]
[Time "12:04:33"]
[PlyCount "87"]
[TimeControl "7200+10"]

1. e4 e6 2. d4 d5 3. Nd2 dxe4 4. Nxe4 Nd7 5. Nf3 Ngf6 6. Bd3 c5 7. O-O Nxe4
8. Bxe4 Nf6 9. Qd3 Be7 10. Be3 Qc7 11. dxc5 Bxc5 12. Bxc5 Qxc5 13. Qe2 O-O
14. Bd3 b6 15. Ne5 Bb7 16. Ng4 Qd4 17. Nxf6+ Qxf6 18. Rab1 Rfd8 19. Qg4 Rd4
20. Qg3 Rad8 21. Rfe1 Qf4 22. Qxf4 Rxf4 23. Rbd1 Rfd4 24. Re3 Ba6 25. Kf1
Bxd3+ 26. Rdxd3 Rxd3 27. Rxd3 Rxd3 28. cxd3 Kf8 29. Ke2 Ke7 30. Ke3 Kd6 31.
Kd4 b5 32. b4 e5+ 33. Ke4 Ke6 34. d4 f5+ 35. Ke3 g5 36. f3 Kd5 37. dxe5
Kxe5 38. g3 f4+ 39. gxf4+ gxf4+ 40. Kd3 Kd5 41. a3 a6 42. Kc3 Ke5 43. Kd3
h6 44. Kc3 { Game drawn by mutual agreement } 1/2-1/2

[Event "ICC tourney 2248 (120 10)"]
[Site "Internet Chess Club"]
[Date "2020.12.26"]
[Round "1"]
[White "avats"]
[Black "chesslin"]
[Result "0-1"]
[ICCResult "White checkmated"]
[WhiteElo "1589"]
[BlackElo "1804"]
[Opening "Robatsch (modern) defense"]
[ECO "B06"]
[NIC "KF.05"]
[Time "12:05:11"]
[PlyCount "72"]
[TimeControl "7200+10"]

1. e4 g6 2. d4 Bg7 3. Nf3 d6 4. Bc4 Nf6 5. Nc3 O-O 6. O-O Bg4 7. Be3 Bxf3
8. Qxf3 Nc6 9. Rad1 Nd7 10. a3 e5 11. d5 Nd4 12. Bxd4 exd4 13. Ne2 Ne5 14.
Qb3 Qh4 15. f3 b5 16. Qxb5 Rfb8 17. Qa4 Qh6 18. Kh1 Rxb2 19. Bb3 d3 20. Nd4
a5 21. cxd3 Qe3 22. Bc2 Rab8 23. Rfe1 Qh6 24. Nc6 Nxc6 25. dxc6 Be5 26. g3
Bxg3 27. Re2 Qh3 28. Rg1 Bf4 29. Rf2 R8b5 30. d4 Bxh2 31. Rxh2 Qxf3+ 32.
Rgg2 Rb1+ 33. Bd1 Rxd1+ 34. Qxd1 Qxd1+ 35. Rg1 Qf3+ 36. Rhg2 Rh5# { White
checkmated } 0-1

[Event "ICC tourney 2248 (120 10)"]
[Site "Internet Chess Club"]
[Date "2020.12.26"]
[Round "1"]
[White "CharlesDQuigley"]
[Black "Elias1302"]
[Result "1-0"]
[ICCResult "Black resigns"]
[WhiteElo "1815"]
[BlackElo "1609"]
[Opening "QGD: 3.Nc3"]
[ECO "D31"]
[NIC "QO.17"]
[Time "12:04:28"]
[PlyCount "75"]
[TimeControl "7200+10"]

1. d4 e6 2. c4 d5 3. Nc3 h6 4. cxd5 exd5 5. Bf4 Nf6 6. Qc2 Bd6 7. Bxd6 Qxd6
8. e3 O-O 9. Bd3 a6 10. Nf3 Nc6 11. a3 Bg4 12. Nh4 Rae8 13. O-O Qe6 14.
Rae1 Qd7 15. Nf5 g6 16. Nxh6+ Kg7 17. Nxg4 Qxg4 18. f3 Qh5 19. g4 Qg5 20.
Qf2 Rh8 21. Kg2 Qh6 22. Qg3 Qg5 23. Nd1 Rh7 24. h3 Reh8 25. Rh1 Ne8 26. Nc3
Nd6 27. f4 Qd8 28. b4 Nc4 29. Bxc4 dxc4 30. Qf3 f5 31. g5 Re8 32. Nd5 Rhh8
33. Nf6 Re6 34. d5 Rd6 35. dxc6 bxc6 36. Rd1 Rd2+ 37. Rxd2 Qxd2+ 38. Kg3 {
Black resigns } 1-0

[Event "ICC tourney 2248 (120 10)"]
[Site "Internet Chess Club"]
[Date "2020.12.26"]
[Round "1"]
[White "UltimateDL"]
[Black "Nikhilp"]
[Result "1-0"]
[ICCResult "Black resigns"]
[WhiteElo "1480"]
[BlackElo "1737"]
[Opening "Scotch: Potter variation"]
[ECO "C45"]
[NIC "SO.05"]
[Time "12:04:59"]
[PlyCount "81"]
[TimeControl "7200+10"]

1. e4 e5 2. Nf3 Nc6 3. d4 exd4 4. Nxd4 Bc5 5. Nb3 Bb6 6. Nc3 Nf6 7. Qe2 d6
8. Be3 Bxe3 9. Qxe3 O-O 10. f3 Re8 11. O-O-O a5 12. Bb5 Bd7 13. g4 Nb4 14.
Bxd7 Qxd7 15. a3 Na6 16. h4 a4 17. Nd4 d5 18. Nf5 h6 19. Nxd5 Nxd5 20. Rxd5
Qxd5 21. exd5 Rxe3 22. Nxe3 Re8 23. Re1 Re5 24. Kd2 Nc5 25. Kc3 g6 26. Kd4
Nd7 27. Rd1 f6 28. Rd3 c6 29. f4 c5+ 30. Kc4 Re4+ 31. Kb5 Rxf4 32. d6 Rf2
33. g5 hxg5 34. hxg5 fxg5 35. Rd5 Re2 36. Nc4 Rxc2 37. Rxg5 Kf8 38. Rg3 Ke8
39. Rxg6 Rxc4 40. Re6+ Kf7 41. Re7+ { Black resigns } 1-0

[Event "ICC tourney 2248 (120 10)"]
[Site "Internet Chess Club"]
[Date "2020.12.26"]
[Round "1"]
[White "StevChess01"]
[Black "mutantpenguin"]
[Result "1-0"]
[ICCResult "Black checkmated"]
[WhiteElo "1684"]
[BlackElo "1377"]
[Opening "QGD: exchange, positional line"]
[ECO "D35"]
[NIC "QO.16"]
[Time "12:04:34"]
[PlyCount "131"]
[TimeControl "7200+10"]

1. d4 e6 2. c4 d5 3. Nc3 Nf6 4. cxd5 exd5 5. Bg5 Nbd7 6. e3 c6 7. Bd3 Bd6
8. Qc2 O-O 9. Bxh7+ Kh8 10. Bd3 Qc7 11. Nf3 g6 12. O-O-O b5 13. Kb1 b4 14.
Na4 Kg7 15. Rc1 Nh7 16. Qxc6 Qb8 17. Bh4 Nb6 18. Qc2 Bd7 19. Nc5 Bxc5 20.
dxc5 Rc8 21. Bg3 Qb7 22. Qe2 Nc4 23. Bxc4 dxc4 24. Qxc4 Be6 25. c6 Qe7 26.
Qc5 Bf5+ 27. Ka1 Qe4 28. Qe5+ Qxe5 29. Bxe5+ f6 30. Bg3 a5 31. c7 a4 32.
Rhd1 b3 33. a3 Bc2 34. Rd7+ Kg8 35. Rd2 Be4 36. Ne1 Ng5 37. f3 Bb7 38. Nd3
Ne6 39. Nc5 Nxc5 40. Rxc5 Kf7 41. e4 Ra6 42. Kb1 Ke7 43. Kc1 Rg8 44. Kd1
Rc8 45. Ke1 Ba8 46. Rd4 Bc6 47. Rb4 Bd7 48. Rb8 Ra7 49. Kf2 Ra8 50. Ke3 Be6
51. Rxc8 Bxc8 52. h4 Kf7 53. Bf4 Ke7 54. g4 Kf7 55. h5 g5 56. Bg3 Kg7 57.
Rb5 Bd7 58. Rb8 Ra6 59. c8=Q Bxc8 60. Rxc8 Kh6 61. Kd4 f5 62. gxf5 Ra7 63.
Rc6+ Kxh5 64. e5 g4 65. fxg4+ Kg5 66. Rg6# { Black checkmated } 1-0

[Event "ICC tourney 2248 (120 10)"]
[Site "Internet Chess Club"]
[Date "2020.12.26"]
[Round "1"]
[White "Han366"]
[Black "JACOBCHESS857"]
[Result "1-0"]
[ICCResult "Black checkmated"]
[WhiteElo "1700"]
[BlackElo "1424"]
[Opening "QGD semi-Slav: 5.e3"]
[ECO "D45"]
[NIC "SL.08"]
[Time "12:04:45"]
[PlyCount "53"]
[TimeControl "7200+10"]

1. d4 d5 2. c4 c6 3. Nf3 Nf6 4. Nc3 e6 5. e3 Be7 6. Bd3 O-O 7. O-O Nbd7 8.
b3 dxc4 9. bxc4 Nb6 10. Bb2 c5 11. Qe2 Bd7 12. Rfd1 Qc7 13. Rac1 Rac8 14.
Nb5 Bxb5 15. cxb5 Qb8 16. dxc5 Bxc5 17. Bxf6 gxf6 18. Qb2 e5 19. Nh4 Kh8
20. Qe2 Rfe8 21. Bf5 Rc7 22. Qh5 Kg7 23. Bxh7 Rcc8 24. Nf5+ Kh8 25. Bg6+
Kg8 26. Qh7+ Kf8 27. Qxf7# { Black checkmated } 1-0

[Event "ICC tourney 2248 (120 10)"]
[Site "Internet Chess Club"]
[Date "2020.12.26"]
[Round "1"]
[White "aditya7708"]
[Black "kwen2008"]
[Result "0-1"]
[ICCResult "White resigns"]
[WhiteElo "1524"]
[BlackElo "1745"]
[Opening "Queen's pawn game"]
[ECO "A46"]
[NIC "QP.05"]
[Time "12:05:31"]
[PlyCount "106"]
[TimeControl "7200+10"]

1. Nf3 Nf6 2. d4 e6 3. Bf4 Be7 4. e3 O-O 5. Nbd2 d5 6. Bd3 c5 7. c3 Nc6 8.
O-O b6 9. h3 Bb7 10. Bh2 cxd4 11. exd4 Rc8 12. Ne5 Nxe5 13. Bxe5 h6 14. f4
Nd7 15. f5 Nxe5 16. dxe5 exf5 17. Bxf5 Rc6 18. Nf3 Bc5+ 19. Kh1 Ba6 20. Bd3
Bxd3 21. Qxd3 Qd7 22. Rad1 Rd8 23. Rd2 Rc7 24. Rfd1 Qe6 25. Qe2 Rcd7 26. a3
Re8 27. c4 d4 28. b4 Bf8 29. Rxd4 Rxd4 30. Rxd4 g6 31. Qd3 Rc8 32. Rd5 Qc6
33. Nd2 h5 34. Qd4 Qa4 35. Qc3 Qd1+ 36. Kh2 Bh6 37. Rd4 Qe1 38. Ne4 Bf4+
39. g3 Qe2+ 40. Kh1 Bxe5 41. Qd3 Qe1+ 42. Kg2 Bxd4 43. Qxd4 Qe2+ 44. Kg1
Qxc4 45. Nf6+ Kh8 46. Qe5 Qc1+ 47. Kf2 Qd2+ 48. Kf3 Rc3+ 49. Ke4 Qd3+ 50.
Kf4 Qf3+ 51. Kg5 Qxg3+ 52. Ng4+ Qxe5+ 53. Nxe5 Kg7 { White resigns } 0-1

[Event "ICC tourney 2248 (120 10)"]
[Site "Internet Chess Club"]
[Date "2020.12.26"]
[Round "1"]
[White "steinutz"]
[Black "Supersamraat"]
[Result "1-0"]
[ICCResult "Black checkmated"]
[WhiteElo "1756"]
[BlackElo "1539"]
[Opening "Trompowsky attack (Ruth, Opocenský opening)"]
[ECO "A45"]
[NIC "QP.07"]
[Time "12:04:53"]
[PlyCount "83"]
[TimeControl "7200+10"]

1. d4 Nf6 2. Bg5 g6 3. e3 Bg7 4. Nf3 d6 5. Bc4 O-O 6. Nbd2 Nbd7 7. c3 c5 8.
O-O a6 9. a4 b6 10. h3 Bb7 11. Qb1 d5 12. Bd3 c4 13. Bc2 b5 14. e4 h6 15.
Bh4 g5 16. Bg3 e6 17. Bd6 Re8 18. e5 Nh5 19. g3 Bf8 20. Bxf8 Rxf8 21. Qd1
Ng7 22. Bb1 f5 23. exf6 Nxf6 24. Ne5 Nf5 25. Ng4 Kg7 26. Nxf6 Rxf6 27. Qc2
Qg8 28. Nf3 Raf8 29. Nh2 h5 30. axb5 axb5 31. Ra7 R8f7 32. Re1 Qb8 33. Ra5
Bc6 34. g4 Nh6 35. Qh7+ Kf8 36. Qh8+ Ng8 37. Bh7 Rg7 38. Bxg8 Qf4 39. Bxe6+
Ke7 40. Qxg7+ Kd6 41. Bf5 Rxf5 42. Qe7# { Black checkmated } 1-0

[Event "ICC tourney 2248 (120 10)"]
[Site "Internet Chess Club"]
[Date "2020.12.26"]
[Round "1"]
[White "trucker"]
[Black "HPenguin"]
[Result "1/2-1/2"]
[ICCResult "Game drawn by mutual agreement"]
[WhiteElo "1610"]
[BlackElo "1819"]
[Opening "Sicilian: accelerated fianchetto, modern variation"]
[ECO "B34"]
[NIC "SI.44"]
[Time "12:04:50"]
[PlyCount "82"]
[TimeControl "7200+10"]

1. e4 c5 2. Nc3 Nc6 3. Nf3 g6 4. d4 cxd4 5. Nxd4 Bg7 6. Be3 Nf6 7. Nxc6
bxc6 8. e5 Ng8 9. f4 Nh6 10. Qd2 O-O 11. h3 d5 12. g4 e6 13. O-O-O Re8 14.
f5 Nxf5 15. gxf5 exf5 16. Bg5 Qc7 17. Bf6 Bxf6 18. exf6 Re6 19. Qg5 Qe5 20.
Bg2 Qxf6 21. Qxf6 Rxf6 22. Bxd5 cxd5 23. Nxd5 Re6 24. Nc7 Bb7 25. Rh2 Rb8
26. Nxe6 fxe6 27. Rd7 a5 28. Rhd2 Bd5 29. Ra7 Rb5 30. c4 Rc5 31. b3 Rc8 32.
Kb2 Bc6 33. Rd6 f4 34. Rxe6 f3 35. Rf6 Rf8 36. Rxc6 f2 37. Rcc7 Rf5 38.
Rg7+ Kf8 39. Rxh7 Kg8 40. Rag7+ Kf8 41. Rd7 Kg8 { Game drawn by mutual
agreement } 1/2-1/2